 Dungeon Crawl Stone Soup version 0.23-a0-119-ga86c9e7 (webtiles) character file.

6 Amnesiac the Gusty (level 1, 0/13 HPs)
             Began as a Mummy Air Elementalist on Aug 24, 2018.
             Slain by a kobold (2 damage)
             ... on level 1 of the Dungeon.
             The game lasted 00:00:40 (184 turns).

Amnesiac the Gusty (Mummy Air Elementalist)          Turns: 184, Time: 00:00:41

Health: 0/13       AC:  2    Str: 11    XL:     1   Next: 75%
Magic:  0/4        EV: 12    Int: 14    God:
Gold:   4          SH:  0    Dex: 12    Spells: 4/5 levels left

rFire    x . .     SeeInvis .   (no weapon)
rCold    + . .     Gourm    .   (no shield)
rNeg     + + +     Faith    .   a - +0 robe
rPois    ∞         Spirit   .   (no helmet)
rElec    .         Reflect  .   (no cloak)
rCorr    .         Harm     .   (no gloves)
MR       .....                  (no boots)
Stlth    ++........             (no amulet)
HPRegen  0.04/turn              (no ring)
MPRegen  0.09/turn              (no ring)

@: very slightly contaminated
A: no food or potions, fire vulnerability, cold resistance 1, negative energy
resistance 3, torment resistance, unbreathing
a: no special abilities


You were on level 1 of the Dungeon.
You were not hungry.

You visited 1 branch of the dungeon, and saw 1 of its levels.

You collected 4 gold pieces.

Inventory:

Armour
 a - a +0 robe (worn)


   Skills:
 - Level 1.5 Dodging
 - Level 1.5 Stealth
 + Level 2.7 Spellcasting
 - Level 0.7 Conjurations
 * Level 2.7 Air Magic


You had 4 spell levels left.
You knew the following spells:

 Your Spells              Type           Power        Failure   Level  Hunger
a - Shock                 Conj/Air       #...         11%         1    N/A

Your spell library contained the following spells:

 Spells                   Type           Power        Failure   Level  Hunger
 Swiftness                Chrm/Air       #.......     19%         2    N/A
 Static Discharge         Conj/Air       #.......     32%         3    N/A
 Airstrike                Air            #.........   56%         4    N/A
 Lightning Bolt           Conj/Air       #.........   96%         5    N/A

Dungeon Overview and Level Annotations

Branches:
Dungeon (1/15)

Altars:


Innate Abilities, Weirdness & Mutations

You do not eat or drink.
Your flesh is vulnerable to fire.
You are immune to poison.
Your flesh is cold resistant. (rC+)
You are immune to negative energy. (rN+++)
You are immune to unholy pain and torment.
You can survive without breathing.


Message History

Unknown command.
A goblin comes into view. It is wielding a club.
The goblin shouts!
The bat closely misses you. The bat closely misses you.
The bat closely misses you. The bat hits you but does no damage.
The bat hits you but does no damage. The bat misses you. The bat misses you.
The bat hits you but does no damage. The bat barely misses you.
The bat hits you but does no damage. The bat closely misses you.
The bat hits you.
* * * LOW HITPOINT WARNING * * *
Casting: Shock (safe; 11% risk of failure)
Confirm with . or Enter, or press ? or * to list all spells.
Aiming: Shock (safe; 11% risk of failure)
Press: ? - help, Shift-Dir - straight line The zap hits the bat.
You kill the bat!
The zap hits the giant cockroach.
The giant cockroach is moderately wounded.
Unknown command.
Casting: Shock (safe; 11% risk of failure)
Confirm with . or Enter, or press ? or * to list all spells.
Aiming: Shock (safe; 11% risk of failure)
Press: ? - help, Shift-Dir - straight line The zap misses the giant cockroach. x2; The giant cockroach bites you.
* * * LOW HITPOINT WARNING * * *
Unknown command.
Casting: Shock (safe; 11% risk of failure)
Confirm with . or Enter, or press ? or * to list all spells.
Aiming: Shock (safe; 11% risk of failure)
Press: ? - help, Shift-Dir - straight line The zap hits the giant cockroach.
The giant cockroach is heavily wounded.
The zap hits the giant cockroach.
The giant cockroach is severely wounded.
The zap hits the goblin.
The goblin is heavily wounded.
The giant cockroach barely misses you.
Unknown command.
The giant cockroach bites you.
* * * LOW HITPOINT WARNING * * *
The kobold hits you.
* * * LOW HITPOINT WARNING * * *
You completely miss the kobold. The kobold hits you but does no damage.
You hit the kobold.
The kobold is moderately wounded.
The kobold barely misses you.
Unknown command.
You barely miss the kobold.
The kobold is moderately wounded.
The kobold barely misses you.
Unknown command.
Casting: Shock (safe; 11% risk of failure)
Confirm with . or Enter, or press ? or * to list all spells.
Aiming: Shock (safe; 11% risk of failure)
Press: ? - help, Shift-Dir - straight line, f - kobold
Aim: a kobold (moderately wounded)
You miscast Shock.
You are very lightly contaminated with residual magic.
Nothing appears to happen.
The kobold hits you.
You die...

#........ ##...##.##.## #.
.....>.. #.....#.##..###.
###..g# #†8<8.#.##...##.
#.....# #### #.....#..'.#.##.
.###†#...# ... #######.##...##.
......#.## ..## #.##..###.
......#.# ..# #.##.## #.
......#.########.##### #.####
.........gg.†g.#@#...# #.####
.##).....####.##K#.#.###.##.###
............#.##s#.#..'..##...#
..#......##.#..gg#.#.###.####.#
..#............###.†.# #....'.#
. +............# ##### #.####.#
#............# #.##...#
#............# #.##.###
....##.......#### #.####


You could see a giant cockroach, 2 goblins and a kobold.

Vanquished Creatures
  2 bats (D:1)
  A hobgoblin (D:1)
  A kobold (D:1)
  A frilled lizard (D:1)
  A rat (D:1)
6 creatures vanquished.

Notes
Turn   | Place    | Note
-------+----------+-------------------------------------------
     0 | D:1      | Amnesiac the Mummy Air Elementalist began the quest for the Orb.
     0 | D:1      | Reached XP level 1. HP: 13/13 MP: 4/4
   184 | D:1      | Slain by a kobold

Vault maps used:
D:1:      dpeg_arrival_renting, minivault_24

Action                   || total
-------------------------++-------
Melee: Unarmed           ||     3
 Cast: Shock             ||    12
Armor: Robe              ||    10
Dodge: Dodged            ||    24

Table legend:
 A = Non-vault XP
 B = Vault XP
 C = Vault XP percentage of total XP
 D = Non-vault monster count
 E = Vault monster count
 F = Vault count percentage of total count
                 A         B        C        D         E       F
            +---------+---------+-------+---------+---------+-------
      Total |       9 |       0 |   0.0 |       6 |       0 |   0.0
            +---------+---------+-------+---------+---------+-------
        D:1 |       9 |       0 |   0.0 |       6 |       0 |   0.0
            +---------+---------+-------+---------+---------+-------
